3L
GREENVILLE 84S @ KINGSTON TOWNSHIP LEGION
08/20/2028
 
TOP OF THE 1ST
Greenville 84s batting - Pitching for Kingston Township Legion : RHP Jon Briddon
Pitching: RHP Jon Briddon
Batting: RHB Pablo Marrero 0-0: Called Strike
0-1: Ball
1-1: Foul Ball, location: 2F
1-2: Ball
2-2: Foul Ball, location: 2F
2-2: Foul Ball, location: 2F
2-2: Ball
3-2: Ground out 5-3 (Groundball, 5)
Batting: SHB Jorge Barrios 0-0: Swinging Strike
0-1: Fly out, F8 (Line Drive, 89M)
Batting: RHB Jonathan Cook 0-0: Called Strike
0-1: Ball
1-1: Ball
2-1: Foul Ball, location: 2F
2-2: Ball
3-2: Foul Ball, location: 2F
3-2: Ground out 4-3 (Groundball, 4)
Top of the 1st over - 0 run(s), 0 hit(s), 0 error(s), 0 left on base; Greenville 0 - Kingston Township 0
BOTTOM OF THE 1ST
Kingston Township Legion batting - Pitching for Greenville 84s : LHP Hermenegildo Beliago
Pitching: LHP Hermenegildo Beliago
Batting: LHB Christian Blair 0-0: Called Strike
0-1: Ball
1-1: Called Strike
1-2: Foul Ball, location: 2F
1-2: Strikes out swinging
Batting: LHB António González 0-0: Ball
1-0: SOLO HOME RUN (Flyball, 9D), Distance : 408 ft
Batting: RHB EP Weston 0-0: Ball
1-0: Fly out, F7 (Flyball, 7S)
Batting: RHB Dani Trejo 0-0: Swinging Strike
0-1: Called Strike
0-2: Foul Ball, location: 2F
0-2: Fly out, F8 (Flyball, 8RM)
Bottom of the 1st over - 1 run(s), 1 hit(s), 0 error(s), 0 left on base; Greenville 0 - Kingston Township 1
TOP OF THE 2ND
Greenville 84s batting - Pitching for Kingston Township Legion : RHP Jon Briddon
Batting: RHB Roberto Escues 0-0: Ball
1-0: Ball
2-0: Ball
3-0: Base on Balls
Batting: SHB Francisco Reyes 0-0: Foul Ball, location: 2F
0-1: SINGLE (Line Drive, 4M)
Roberto Escues to second
Batting: RHB Juan García 0-0: Ball
1-0: Swinging Strike
1-1: Ball
2-1: Called Strike
2-2: Strikes out swinging
Batting: LHB Tae-sang Han 0-0: Ball
1-0: Called Strike
1-1: Foul Ball, location: 2F
1-2: Fly out, F6 (Popup, 56D)
Batting: RHB Joe Craig 0-0: Swinging Strike
0-1: Ball
1-1: Swinging Strike
1-2: Ball
2-2: Ball
3-2: Foul Ball, location: 2F
3-2: Strikes out swinging
Top of the 2nd over - 0 run(s), 1 hit(s), 0 error(s), 2 left on base; Greenville 0 - Kingston Township 1
BOTTOM OF THE 2ND
Kingston Township Legion batting - Pitching for Greenville 84s : LHP Hermenegildo Beliago
Batting: RHB Jim Scott 0-0: Ball
1-0: Ball
2-0: Called Strike
2-1: Foul Ball, location: 2F
2-2: Ball
3-2: Fly out, F7 (Flyball, 7)
Batting: RHB Alfredo Cardenas 0-0: Foul Ball, location: 2F
0-1: Ball
1-1: Called Strike
1-2: Strikes out looking
Batting: RHB Clarence Neal 0-0: Ball
1-0: Called Strike
1-1: Ball
2-1: Ball
3-1: Base on Balls
Batting: LHB Tommy Sullivan 0-0: Ball
1-0: Fly out, F9 (Line Drive, 9)
Bottom of the 2nd over - 0 run(s), 0 hit(s), 0 error(s), 1 left on base; Greenville 0 - Kingston Township 1
TOP OF THE 3RD
Greenville 84s batting - Pitching for Kingston Township Legion : RHP Jon Briddon
Batting: RHB Ramón Valdéz 0-0: Foul Ball, location: 2F
0-1: Foul Ball, location: 2F
0-2: Ball
1-2: Ball
2-2: Strikes out swinging
Batting: RHB Pablo Marrero 0-0: Swinging Strike
0-1: Foul Ball, location: 2F
0-2: Ball
1-2: Ball
2-2: SINGLE (Groundball, 6MD)
Batting: SHB Jorge Barrios 0-0: Called Strike
0-1: Ball
1-1: Foul Ball, location: 2F
1-2: Ball
2-2: Ball
3-2: SINGLE (Flyball, 78S)
Pablo Marrero to second
Batting: RHB Jonathan Cook 0-0: Called Strike
Pablo Marrero steals 3rd base
Jorge Barrios to second
0-1: Ball
1-1: DOUBLE (Flyball, 7LM)
Pablo Marrero scores
Jorge Barrios scores
Batting: RHB Roberto Escues 0-0: Ball
1-0: Foul Ball, location: 2F
1-1: 2-RUN HOME RUN (Flyball, 7LD), Distance : 361 ft
Batting: SHB Francisco Reyes 0-0: Ball
1-0: Foul Ball, location: 2F
1-1: Ball
2-1: Ball
3-1: Base on Balls
Batting: RHB Juan García 0-0: Ball
1-0: Called Strike
1-1: Ball
2-1: SINGLE (Groundball, 4MD)
Francisco Reyes to second
Runner from 2nd tries for 3rd, OUT after rundown.
Batting: LHB Tae-sang Han 0-0: Ball
1-0: Called Strike
1-1: Foul Ball, location: 2F
1-2: Ball
2-2: Foul Ball, location: 2F
2-2: Foul Ball, location: 2F
2-2: Ball
3-2: Base on Balls
Juan García to second
Batting: RHB Joe Craig 0-0: Ball
1-0: Foul Ball, location: 2F
1-1: SINGLE (Flyball, 8RS)
Juan García to third
Tae-sang Han to second
Runner from 3rd tries for Home, SAFE, no throw
Batting: RHB Ramón Valdéz 0-0: Called Strike
0-1: Ball
1-1: Fielders Choice at 2nd, 5-4 (Groundball, 5)
Top of the 3rd over - 5 run(s), 6 hit(s), 0 error(s), 1 left on base; Greenville 5 - Kingston Township 1
BOTTOM OF THE 3RD
Kingston Township Legion batting - Pitching for Greenville 84s : LHP Hermenegildo Beliago
Batting: RHB Juan Aguirre 0-0: Ball
1-0: Ball
2-0: Ball
3-0: Called Strike
3-1: Foul Ball, location: 2F
3-2: Base on Balls
Batting: LHB Christian Blair 0-0: Called Strike
0-1: Foul Ball, location: 2F
0-2: Ball
1-2: Strikes out looking
Batting: LHB António González 0-0: Called Strike
0-1: Foul Ball, location: 2F
0-2: Grounds into double play, 1-4-3 (Groundball, 15S)
Bottom of the 3rd over - 0 run(s), 0 hit(s), 0 error(s), 0 left on base; Greenville 5 - Kingston Township 1
TOP OF THE 4TH
Greenville 84s batting - Pitching for Kingston Township Legion : RHP Jon Briddon
Batting: RHB Pablo Marrero 0-0: Fly out, F7 (Flyball, 7LM)
Batting: SHB Jorge Barrios 0-0: Called Strike
0-1: Foul Ball, location: 2F
0-2: Ball
1-2: Foul Ball, location: 2F
1-2: Ball
2-2: Ball
3-2: Foul Ball, location: 2F
3-2: Ground out 1-3 (Groundball, P)
Batting: RHB Jonathan Cook 0-0: Called Strike
0-1: Called Strike
0-2: Ground out 3-1 (Groundball, 34S)
Top of the 4th over - 0 run(s), 0 hit(s), 0 error(s), 0 left on base; Greenville 5 - Kingston Township 1
BOTTOM OF THE 4TH
Kingston Township Legion batting - Pitching for Greenville 84s : LHP Hermenegildo Beliago
Batting: RHB EP Weston 0-0: Ball
1-0: Ball
2-0: Foul Ball, location: 2F
2-1: Foul Ball, location: 2F
2-2: SOLO HOME RUN (Flyball, 7D), Distance : 409 ft
Batting: RHB Dani Trejo 0-0: Ground out 6-3 (Groundball, 6M)
Batting: RHB Jim Scott 0-0: Ball
1-0: Swinging Strike
1-1: Fly out, F4 (Line Drive, 4MD)
Now at 2B: Charles Jordan
Batting: RHB Alfredo Cardenas 0-0: Foul Ball, location: 2F
0-1: Foul Ball, location: 2F
0-2: Fly out, F9 (Flyball, 9LM)
Bottom of the 4th over - 1 run(s), 1 hit(s), 0 error(s), 0 left on base; Greenville 5 - Kingston Township 2
TOP OF THE 5TH
Greenville 84s batting - Pitching for Kingston Township Legion : RHP Jon Briddon
Batting: RHB Roberto Escues 0-0: Ball
1-0: Foul Ball, location: 2F
1-1: Called Strike
1-2: SOLO HOME RUN (Flyball, 7D), Distance : 399 ft
Batting: SHB Francisco Reyes 0-0: Called Strike
0-1: Called Strike
0-2: Ball
1-2: Fly out, F7 (Flyball, 7D)
Pitching: LHP Roger Shaw
Batting: RHB Juan García 0-0: Fly out, F9 (Flyball, 9S)
Batting: LHB Tae-sang Han 0-0: Called Strike
0-1: Swinging Strike
0-2: Ball
1-2: Ball
2-2: Strikes out looking
Top of the 5th over - 1 run(s), 1 hit(s), 0 error(s), 0 left on base; Greenville 6 - Kingston Township 2
BOTTOM OF THE 5TH
Kingston Township Legion batting - Pitching for Greenville 84s : LHP Hermenegildo Beliago
Batting: RHB Clarence Neal 0-0: Ball
1-0: Ball
2-0: Fly out, F7 (Flyball, 7D)
Batting: LHB Tommy Sullivan 0-0: Ball
1-0: Called Strike
1-1: SINGLE (Groundball, 4) (infield hit)
Batting: RHB Juan Aguirre 0-0: Swinging Strike
0-1: Grounds into double play, 6-4-3 (Groundball, 6)
Bottom of the 5th over - 0 run(s), 1 hit(s), 0 error(s), 0 left on base; Greenville 6 - Kingston Township 2
TOP OF THE 6TH
Greenville 84s batting - Pitching for Kingston Township Legion : LHP Roger Shaw
Batting: RHB Charles Jordan 0-0: Ball
1-0: Foul Ball, location: 2F
1-1: SINGLE (Line Drive, 4MD)
Batting: RHB Ramón Valdéz 0-0: Called Strike
0-1: Ball
1-1: Ball
2-1: Sac Bunt - play at first, batter OUT! 2-3
Charles Jordan to second
Batting: RHB Pablo Marrero 0-0: Ground out 5-3 (Groundball, 56S)
Charles Jordan to third
Batting: SHB Jorge Barrios 0-0: Called Strike
0-1: Swinging Strike
0-2: Ball
1-2: Ball
2-2: Ball
3-2: Foul Ball, location: 2F
3-2: Ground out 1-3 (Groundball, 15S)
Top of the 6th over - 0 run(s), 1 hit(s), 0 error(s), 1 left on base; Greenville 6 - Kingston Township 2
BOTTOM OF THE 6TH
Kingston Township Legion batting - Pitching for Greenville 84s : LHP Hermenegildo Beliago
Batting: LHB Christian Blair 0-0: Foul Ball, location: 2F
0-1: Ground out U3 (Groundball, 3)
Batting: LHB António González 0-0: Ball
1-0: Ball
2-0: SINGLE (Groundball, 34D)
Batting: RHB EP Weston 0-0: Ball
1-0: Ball
2-0: Called Strike
2-1: DOUBLE (Line Drive, 89M)
António González to third
Runner from 3rd tries for Home, SAFE, throw made home
Batting: RHB Dani Trejo 0-0: SINGLE (Line Drive, 78S)
EP Weston to third
Runner from 3rd tries for Home, SAFE, throw made home
Batting: RHB Jim Scott 0-0: Fly out, F7 (Flyball, 78D)
Batting: RHB Alfredo Cardenas 0-0: Ball
1-0: SINGLE (Groundball, 34D)
Dani Trejo to second
Runner from 2nd tries for 3rd, OUT!
Bottom of the 6th over - 2 run(s), 4 hit(s), 0 error(s), 1 left on base; Greenville 6 - Kingston Township 4
TOP OF THE 7TH
Greenville 84s batting - Pitching for Kingston Township Legion : LHP Roger Shaw
Batting: RHB Jonathan Cook 0-0: Called Strike
0-1: Ball
1-1: Called Strike
1-2: Ball
2-2: Foul Ball, location: 2F
2-2: Ball
3-2: Strikes out swinging
Batting: RHB Roberto Escues 0-0: Called Strike
0-1: Ball
1-1: Ball
2-1: Foul Ball, location: 2F
2-2: Foul Ball, location: 2F
2-2: Ball
3-2: Base on Balls
Batting: SHB Francisco Reyes 0-0: Fly out, F7 (Flyball, 7)
Batting: RHB Juan García 0-0: Ball
1-0: Called Strike
Roberto Escues steals 2nd base
1-1: Fly out, F6 (Line Drive, 6)
Top of the 7th over - 0 run(s), 0 hit(s), 0 error(s), 1 left on base; Greenville 6 - Kingston Township 4
BOTTOM OF THE 7TH
Kingston Township Legion batting - Pitching for Greenville 84s : LHP Hermenegildo Beliago
Batting: RHB Clarence Neal 0-0: Ball
1-0: Swinging Strike
1-1: Ball
2-1: Foul Ball, location: 2F
2-2: Ball
3-2: Fly out, F4 (Line Drive, 34D)
Batting: LHB Tommy Sullivan 0-0: Ball
1-0: Ball
2-0: Ball
3-0: Foul Ball, location: 2F
3-1: SINGLE (Line Drive, 8RS)
Batting: RHB Juan Aguirre 0-0: Called Strike
0-1: Ball
1-1: Called Strike
1-2: Foul Ball, location: 2F
1-2: Ball
Throwing error on steal attempt, E2
Tommy Sullivan to third
2-2: Foul Ball, location: 2F
2-2: Ball
3-2: Base on Balls
Pitching: RHP Quintiliano Seixal
Batting: LHB Christian Blair 0-0: Called Strike
0-1: Ball
1-1: Swinging Strike
1-2: Foul Ball, location: 2F
1-2: Fly out, F8 (Flyball, 8LM)
Runner from 3rd tags up, SCORES, no throw
Batting: LHB António González 0-0: Foul Ball, location: 2F
0-1: Ball
1-1: Ball
2-1: SINGLE (Groundball, 4) (infield hit)
Juan Aguirre to second
Batting: RHB EP Weston 0-0: Ball
1-0: Ball
2-0: Ground out 5-3 (Groundball, 56S)
Bottom of the 7th over - 1 run(s), 2 hit(s), 1 error(s), 2 left on base; Greenville 6 - Kingston Township 5
TOP OF THE 8TH
Greenville 84s batting - Pitching for Kingston Township Legion : LHP Roger Shaw
Batting: LHB Tae-sang Han 0-0: Swinging Strike
0-1: Swinging Strike
0-2: Ball
1-2: Strikes out swinging
Batting: RHB Charles Jordan 0-0: Called Strike
0-1: Foul Ball, location: 2F
0-2: Strikes out looking
Batting: RHB Ramón Valdéz 0-0: Called Strike
0-1: Ball
1-1: Ball
2-1: Foul Ball, location: 2F
2-2: Fly out, F6 (Line Drive, 6M)
Top of the 8th over - 0 run(s), 0 hit(s), 0 error(s), 0 left on base; Greenville 6 - Kingston Township 5
BOTTOM OF THE 8TH
Kingston Township Legion batting - Pitching for Greenville 84s : RHP Quintiliano Seixal
Batting: RHB Dani Trejo 0-0: Called Strike
0-1: Ball
1-1: Ball
2-1: SINGLE (Groundball, 56D)
Batting: RHB Jim Scott 0-0: Ball
Dani Trejo is caught stealing 2nd base
1-0: Fly out, F9 (Flyball, 9LS)
Batting: RHB Alfredo Cardenas 0-0: Ball
1-0: Fly out, F8 (Flyball, 89XD)
Bottom of the 8th over - 0 run(s), 1 hit(s), 0 error(s), 0 left on base; Greenville 6 - Kingston Township 5
TOP OF THE 9TH
Greenville 84s batting - Pitching for Kingston Township Legion : LHP Roger Shaw
Pitching: RHP Toshiro Saikawa
Batting: RHB Pablo Marrero 0-0: Ball
1-0: Ball
2-0: Called Strike
2-1: Swinging Strike
2-2: Ground out 5-3 (Groundball, 56)
Batting: SHB Jorge Barrios 0-0: Ball
1-0: Called Strike
1-1: Ball
2-1: Foul Ball, location: 2F
2-2: Ball
3-2: Foul Ball, location: 2F
3-2: Foul Ball, location: 2F
3-2: Fly out, F4 (Popup, 4)
Batting: RHB Jonathan Cook 0-0: Called Strike
0-1: Ball
1-1: Ball
2-1: Swinging Strike
2-2: Strikes out looking
Top of the 9th over - 0 run(s), 0 hit(s), 0 error(s), 0 left on base; Greenville 6 - Kingston Township 5
BOTTOM OF THE 9TH
Kingston Township Legion batting - Pitching for Greenville 84s : RHP Quintiliano Seixal
Pitching: RHP Colijn de Goedere
Batting: RHB Clarence Neal 0-0: Called Strike
0-1: Swinging Strike
0-2: Ball
1-2: Ball
2-2: SINGLE (Line Drive, 8LS)
Batting: LHB Tommy Sullivan 0-0: Bunt missed!
0-1: Sac Bunt - play at first, batter OUT! 1-4
Clarence Neal to second
Pinch Hitting: LHB Armando Reyes 0-0: Called Strike
0-1: Ball
1-1: Ground out 3-1 (Groundball, 34)
Clarence Neal to third
Batting: LHB Christian Blair 0-0: Ball
1-0: Called Strike
1-1: Ball
2-1: Ball
3-1: Swinging Strike
3-2: Strikes out swinging
Bottom of the 9th over - 0 run(s), 1 hit(s), 0 error(s), 1 left on base; Greenville 6 - Kingston Township 5
Monday, August 28th, 2017 - OOTP Baseball 17.12 Build 75